 Dungeon Crawl Stone Soup version 0.18.1-6-gd335043 (webtiles) character file.

28 Gargoyl the Skirmisher (level 3, -1/29 HPs)
             Began as a Demonspawn Abyssal Knight on May 17, 2016.
             Was a Follower of Lugonu.
             Slain by a jackal (3 damage)
             ... on level 2 of the Dungeon.
             The game lasted 00:01:51 (1093 turns).

Gargoyl the Skirmisher (Demonspawn Abyssal Knight)  Turns: 1093, Time: 00:01:52

Health: -1/29      AC:  1    Str: 13    XL:     3   Next: 0%
Magic:  0/4        EV: 12    Int: 13    God:    Lugonu [*.....]
Gold:   54         SH:  0    Dex: 12    Spells: 0 memorised, 2 levels left

rFire  . . .     SeeInvis .     a - +1 hand axe
rCold  . . .     Gourm    .     (no armour)
rNeg   . . .     Faith    .     (no shield)
rPois  .         Spirit   +     j - +0 helmet
rElec  .         Dismiss  .     (no cloak)
rCorr  .         Reflect  .     (no gloves)
SustAt .         Harm     .     (no boots)
MR     .....                    (no amulet)
Stlth  +.........               (no ring)
                                (no ring)

@: not resistant to hostile enchantments, very unstealthy
A: magic shield, rot immunity
a: Depart the Abyss, Renounce Religion


You were on level 2 of the Dungeon.
You worshipped Lugonu.
Lugonu was aware of your devotion.
You were not hungry.

You visited 1 branch of the dungeon, and saw 2 of its levels.
You visited the Abyss 1 time.

You collected 54 gold pieces.

Inventory:

Hand Weapons
 a - a +1 hand axe (weapon)
 h - a +0 spear
Armour
 f - a +0 ring mail
 j - a +0 helmet (worn)
Scrolls
 e - 3 scrolls of teleportation {unknown}
 g - 2 scrolls of fog {unknown}
 i - a scroll of fear {unknown}
 n - a scroll of identify {unknown}
Potions
 k - a potion of cure mutation {unknown}
 m - a potion of cancellation {unknown}
 o - a potion of curing {unknown}
Comestibles
 b - a beef jerky
 c - a bread ration
 d - a meat ration
 l - 4 fruits


   Skills:
 + Level 3.4 Fighting
 + Level 2.0 Axes
 * Level 2.2 Armour
 + Level 1.2 Dodging
 + Level 0.2 Stealth
 + Level 2.5 Invocations


You had 2 spell levels left.
You didn't know any spells.

Dungeon Overview and Level Annotations

Branches:
Dungeon (2/15)

Altars:


Innate Abilities, Weirdness & Mutations

When hurt, damage is shared between your health and your magic reserves.
You are immune to rotting.


Message History

The jackal bites you. The jackal barely misses you.
The jackal completely misses you.
The jackal bites you but does no damage.
The jackal bites you. The jackal barely misses you.
The jackal closely misses you.
The jackal barely misses you. x2; The jackal bites you.
The jackal bites you.
The jackal bites you but does no damage.
The jackal bites you. The jackal barely misses you. The jackal bites you.
* * * LOW HITPOINT WARNING * * *
The jackal closely misses you.
The jackal closely misses you. x2; The jackal bites you.
* * * LOW HITPOINT WARNING * * *
The jackal barely misses you. The jackal bites you.
* * * LOW HITPOINT WARNING * * *
The jackal misses you. The jackal closely misses you. x2
The jackal bites you.
* * * LOW HITPOINT WARNING * * *
The jackal bites you.
You die...

#########
#.......#
#.......# ##
#.......##.#####
#......$[h......
#.....<.@h...#
........†.h..##
##........#.##
##.......#.#
######### #


You could see 3 jackals.

Vanquished Creatures
  2 bats (D:1)
  A giant cockroach (D:1)
  2 goblins (D:1)
  5 hobgoblins (D:1)
  5 jackals
  A ball python (D:1)
  A giant newt (D:1)
  7 kobolds (D:1)
  A rat (D:1)
25 creatures vanquished.

Notes
Turn   | Place    | Note
--------------------------------------------------------------
     0 | Abyss:1  | Gargoyl the Demonspawn Abyssal Knight began the quest for the Orb.
     0 | Abyss:1  | Reached XP level 1. HP: 18/18 MP: 2/2
    38 | Abyss:1  | Found a corrupted altar of Lugonu.
   163 | Abyss:1  | Noticed a large abomination
   164 | D:1      | Escaped the Abyss
   288 | D:1      | Reached skill level 1 in Dodging
   328 | D:1      | Gained mutation: You are immune to rotting. [demonic ancestry]
   328 | D:1      | Reached XP level 2. HP: 24/24 MP: 3/3
   431 | D:1      | Reached * piety under Lugonu
  1080 | D:2      | Gained mutation: When hurt, damage is shared between your health and your magic reserves. [demonic ancestry]
  1080 | D:2      | Reached XP level 3. HP: 27/29 MP: 4/4
  1093 | D:2      | Slain by a jackal

Skill      XL: |  1  2 |
---------------+-------+-----
Dodging        | 1 |  1.2
Armour         | 2 |  2.2
Axes           | 2 |  2.0
Fighting       | |  3.4
Stealth        | |  0.2
Invocations    | |  2.5

Action                   || total
-------------------------++-------
Melee: Hand axe          ||    71
Invok: Depart the Abyss  ||     1
  Eat: Chunk             ||     1
Armor: Ring mail         ||    47
       Skin              ||     2
Dodge: Dodged            ||    99
